 Dungeon Crawl Stone Soup version 0.30.1-3-gfc49f6343a (webtiles) character file.

Game seed: 10055864736677174756

18872 cheesebisquit the Fighter (level 12, -21/112 HPs)
             Began as a Yellow Draconian Ice Elementalist on July 19, 2023.
             Was the Champion of Jiyva.
             Collided with some lava (27 damage)
             ... caused by a swamp worm
             ... on level 2 of the Lair of Beasts.
             The game lasted 00:46:16 (12663 turns).

cheesebisquit the Fighter (DrIE)                   Turns: 12663, Time: 00:46:16

Health: -21/112    AC: 12    Str: 13    XL:     12   Next: 31%
Magic:  23/24      EV: 17    Int: 17    God:    Jiyva [******]
Gold:   249        SH:  0    Dex: 14    Spells: 14/15 levels left

rFire   . . .        e - +7 quarterstaff of the Lettuce {heavy, rElec rCorr MP+9 Dex-5}
rCold   . . .        (shield currently unavailable)
rNeg    . . .        (body armour unavailable)
rPois   .            (helmet restricted)
rElec   +            i - scarf {harm}
rCorr   +            (no gloves)
SInv    +            j - +2 pair of boots
Will    .....        (no amulet)
Stlth   +++++        u - +6 ring of dexterity
HPRegen 1.98/turn    E - ring of see invisible
MPRegen 0.69/turn

%: harm (+30% outgoing, +20% incoming)
@: lethally poisoned (-21 -> -30), calling ooze
A: spit acid, AC +8, unfitting armour, cold-blooded, acid resistance, claws 1,
shaggy fur 1, wild magic 3, eyeballs 3, pseudopods 1, translucent skin 3,
MP-powered wands
a: Breathe Acid, Renounce Religion, Oozemancy, Slimify


You were on level 2 of the Lair of Beasts.
You worshipped Jiyva.
Jiyva was exalted by your worship.
You visited 3 branches of the dungeon, and saw 18 of its levels.

You collected 457 gold pieces.
You spent 208 gold pieces at shops.

Inventory:

Hand Weapons
 e - the +7 quarterstaff of the Lettuce (weapon) {heavy, rElec rCorr MP+9 Dex-5}
   (You found it on level 4 of the Dungeon)

   Dex:       It affects your dexterity (-5).
   rElec:     It insulates you from electricity.
   MP:        It affects your magic capacity (+9).
   rCorr:     It protects you from acid and corrosion.
 f - a +0 halberd
 q - the +4 rapier of Roiryca {freeze, *Corrode Fly rF+}
   (You found it on level 8 of the Dungeon)

   rF:        It protects you from fire.
   Fly:       It grants you flight.
   *Corrode:  It may corrode you when you take damage.
Missiles
 d - 5 boomerangs
 m - 28 poisoned darts
Armour
 i - a scarf of harm (worn)
 j - a +2 pair of boots (worn)
 l - a +2 cloak
Jewellery
 u - a +6 ring of dexterity (left claw)
 E - a ring of see invisible (right claw)
Wands
 g - a wand of acid (1)
 n - a wand of iceblast (1)
 p - a wand of paralysis (8)
 w - a wand of polymorph (9)
Scrolls
 c - a scroll of vulnerability
 r - 2 scrolls of silence
 s - 3 scrolls of blinking
 t - 2 scrolls of immolation
 x - 2 scrolls of teleportation
 y - a scroll of fear
 C - a scroll of magic mapping {unknown}
 D - a scroll of enchant armour
Potions
 a - 4 potions of magic
 b - a potion of resistance
 h - 2 potions of brilliance
 k - 2 potions of curing
 o - 3 potions of lignification
 v - a potion of might
 z - a potion of heal wounds {unknown}
 A - a potion of flight {unknown}
 B - 3 potions of berserk rage


   Skills:
 + Level 12.2 Fighting
 + Level 10.9 Staves
 + Level 10.6 Dodging
 - Level 7.6 Stealth
 - Level 2.0 Spellcasting
 - Level 4.0 Ice Magic


You had 14 spell levels left.
You knew the following spells:

 Your Spells              Type           Power      Damage    Failure   Level
a - Freeze                Ice            100%       1d10      14%         1

Your spell library contained the following spells:

 Spells                   Type           Power      Damage    Failure   Level
 Frozen Ramparts          Ice            58%        1d9       30%         3
 Ozocubu's Armour         Ice            29%        N/A       30%         3
 Ensorcelled Hibernation  Hex/Ice        32%        N/A       34%         2
 Shock                    Conj/Air       12%        1d3       43%         1
 Static Discharge         Conj/Air       6%         2-3/arc   54%         2
 Dazzling Flash           Conj/Hex       6%         N/A       75%         3
 Portal Projectile        Hex/Tloc       6%         N/A       75%         3
 Spider Form              Tmut/Pois      3%         N/A       75%         3
 Stone Arrow              Conj/Erth      6%         3d7       75%         3
 Tukima's Dance           Hex            3%         N/A       75%         3
 Volatile Blastmotes      Fire/Tloc      6%         2d10      75%         3
 Ice Form                 Ice/Tmut       16%        N/A       85%         4
 Summon Ice Beast         Ice/Summ       16%        N/A       85%         4
 Airstrike                Air            1%         2d(1-17)  97%         4
 Anguish                  Hex/Necr       1%         N/A       97%         4
 Fulminant Prism          Conj/Hex       1%         3d5       97%         4
 Iskenderun's Mystic Bla  Conj/Tloc      3%         2d3       97%         4
 Summon Lightning Spire   Summ/Air       3%         N/A       97%         4
 Agony                    Necr           3%         N/A       100%        5
 Blade Hands              Tmut           1%         N/A       100%        5
 Iskenderun's Battlesphe  Conj           3%         2d6       100%        5
 Lee's Rapid Deconstruct  Erth           1%         3d4*      100%        5
 Silence                  Hex/Air        1%         N/A       100%        5
 Starburst                Conj/Fire      1%         6d3       100%        6
 Haunt                    Necr/Summ      1%         N/A       100%        7
 Lehudib's Crystal Spear  Conj/Erth      1%         10d2      100%        8
 Animate Armour           Summ/Erth      Unusable   N/A       N/A         4

Dungeon Overview and Level Annotations

Branches:
Dungeon (14/15)            Temple (1/1) D:5            Lair (3/5) D:11
    Orc (0/2) D:11
  Swamp: Lair:2-3    Shoals: Lair:2-3     Snake: Lair:2-3    Spider: Lair:2-3
 Vaults: D:13-14

Altars:
Ashenzari
Cheibriados
Dithmenos
Elyvilon
Fedhas
Gozag
Hepliaklqana
Kikubaaqudgha
Makhleb
Nemelex Xobeh
Okawaru
Qazlal
Ru
Sif Muna
Trog
Uskayaw
Vehumet
Wu Jian
Xom
Yredelemnul
Zin
The Shining One
Jiyva

Shops:
D:7 [

Portals:
Trove: D:10 (show slimy rune of Zot)

Annotations:
Lair:2 1 transporter, exclusion: oklob plant


Innate Abilities, Weirdness & Mutations

You can spit globs of acid.
Your golden yellow scales are hard. (AC +8)
You cannot fit into any form of body armour.
You are cold-blooded and may be slowed by cold attacks.
You are resistant to acid. (rCorr)
You have sharp fingernails.
You are covered in fur. (AC +1)
Your spells are much harder to cast, but much more powerful.
Your body is covered in eyes which may confuse attackers. (Acc +7, SInv)
Armour fits poorly on your pseudopods.
Your transparent skin significantly reduces your foes' accuracy. (Stealth+)
You expend magic power (3 MP) to strengthen your wands.


Message History

You are yanked forward by the harpoon shot.
You collide with the briar patch!
The briar patch is destroyed!
Activating: Oozemancy (0% risk of failure)
Press: ? - help, Dir - look around, f - activate A net trap.
There is a cloud of black smoke here.
Slime begins to ooze from the nearby walls!
The walls burn the swamp worm!
The swamp worm fires a harpoon shot at you.
The harpoon shot hits you.
* * * LOW HITPOINT WARNING * * *
You are yanked forward by the harpoon shot.
You violently stop moving!
The walls burn the swamp worm!
You feel better.
The walls burn the swamp worm! x2
The swamp worm fires a harpoon shot at you.
The harpoon shot hits you!
You are yanked forward by the harpoon shot.
You violently stop moving!
* * * LOW HITPOINT WARNING * * *
The wall burns the swamp worm!
The swamp worm fires a harpoon shot at you.
The harpoon shot misses you.
The walls burn the swamp worm!
The swamp worm fires a harpoon shot at you.
The harpoon shot misses you.
Okay, then.
Unknown command.
You feel better.
You are engulfed in dark miasma.
You are poisoned.
* * * LOW HITPOINT WARNING * * *
You feel extremely sick.
The walls burn the swamp worm!
The swamp worm fires a harpoon shot at you.
The harpoon shot misses you.
The walls burn the swamp worm!
The swamp worm fires a harpoon shot at you.
The harpoon shot hits you!
* * * LOW HITPOINT WARNING * * *
You are yanked forward by the harpoon shot.
You violently stop moving!
You die...

#.#######.....###.#.#####.## #
#.## ##.....#........##.## ####
...# #..................P###.##
..## #....#########......#..#.#
#.## #....##w#♣#w##............
#..# ##..##≈§≈§#§≈####.........
#..######..#PPP.P§PP#/[#.........
#..#.#.##.©#©^^^§§^○+?©#©.<......
#..........#PPP.@PPP#(=#J.#'##PP#
#..........##§≈≈#≈≈≈####.#......#
............#♣#w#♣#w#............
............#########....#....^.#
................J........#.......
.....................J...#.......
.###.#####......................#
.#........................P.#.###
.#...............#.##............


You could see 3 swamp worms.

Vanquished Creatures
  A two-headed ogre (D:12)
  Nergalle (D:12)
  The ghost of Theyli the Cudgeller, a novice HOMo of Makhleb (D:8)
  A deep elf pyromancer (D:12)
  3 oklob plants (D:11)
  2 ugly things
  A black mamba (Lair:2)
  7 cane toads
  2 unseen horrors
  3 kobold demonologists (D:10)
  2 rime drakes (Lair:2)
  2 trolls
  A polar bear (Lair:1)
  A shadow (D:9)
  A vampire (D:10)
  10 yaks
  A wraith (D:8)
  2 wyverns
  3 basilisks
  The ghost of suzumiya the Slasher, an amateur HuFi (D:3)
  A steam dragon (D:9)
  7 vampire mosquitoes
  2 wargs (D:11)
  Edmund (D:6)
  An acid dragon (D:9)
  5 water moccasins
  2 ice beasts
  6 orc warriors
  2 sky beasts (D:7)
  5 wolves (Lair:1)
  7 centaurs
  2 phantoms
  5 kobold brigands
  A scorpion (D:7)
  5 bullfrogs
  7 wights
  4 killer bees (D:10)
  6 howler monkeys (D:12)
  3 quasits (D:3)
  2 hounds (D:5)
  5 orc priests
  Crazy Yiuf (D:7)
  6 iguanas
  6 orc wizards
  Terence (D:2)
  4 gnolls
  2 adders
  2 white imps
  An ufetubus (D:6)
  A worm (D:4)
  3 dart slugs
  29 orcs
  7 giant cockroaches
  6 goblins
  8 hobgoblins
  24 kobolds
  5 quokkas
  7 ball pythons
  3 bats
  5 frilled lizards
  A goblin skeleton (D:4)
  2 goblin zombies (D:4)
  3 hobgoblin zombies (D:4)
  A kobold skeleton (D:4)
  An orc skeleton (D:4)
  2 orc zombies (D:4)
  3 rats
259 creatures vanquished.

Vanquished Creatures (collateral kills)
  A two-headed ogre (D:11)
  Pikel (D:7)
  A cyclops (D:12)
  3 wights (D:10)
  A howler monkey (D:7)
7 creatures vanquished.

Vanquished Creatures (others)
  A slime creature (D:14)
  5 centaurs
  3 bullfrogs
  3 killer bees (D:10)
  42 jellies
  A hound (D:4)
  2 orc priests
  A sleepcap (D:6)
  2 gnolls (D:2)
  An adder (D:2)
  4 ufetubi
  A worm (D:4)
  7 orcs
  2 ball pythons (D:4)
  A giant cockroach (D:4)
  7 goblins
  2 hobgoblins
  4 jackals (D:2)
  11 kobolds
  2 frilled lizards (D:1)
  A rat (D:3)
103 creatures vanquished.

Grand Total: 369 creatures vanquished

Notes
Turn   | Place    | Note
-------+----------+-------------------------------------------
     0 | D:1      | cheesebisquit the Draconian Ice Elementalist began the
                  | quest for the Orb.
     0 | D:1      | Reached XP level 1. HP: 14/14 MP: 3/3
   138 | D:1      | Found a faded altar of an unknown god.
   145 | D:1      | Reached XP level 2. HP: 18/22 MP: 0/5
   151 | D:1      | Prayed at the altar of an unknown god.
   151 | D:1      | Became a worshipper of Jiyva Jobo the Shapeless
   151 | D:1      | Reached * piety under Jiyva
   171 | D:1      | Reached skill level 1 in Fighting
   919 | D:2      | Reached XP level 3. HP: 28/28 MP: 6/6
   957 | D:2      | Reached ** piety under Jiyva
  1349 | D:2      | Noticed Terence
  1356 | D:2      | Killed Terence
  1357 | D:2      | Reached skill level 2 in Fighting
  1420 | D:2      | Reached XP level 4. HP: 34/36 MP: 4/7
  1590 | D:3      | Noticed suzumiya's ghost (amateur HuFi)
  1592 | D:3      | Found a transporter.
  1603 | D:3      | Found a transporter.
  1916 | D:3      | Reached *** piety under Jiyva
  2031 | D:3      | Found an ornate altar of the Wu Jian Council.
  2111 | D:3      | Found a hide-covered altar of Uskayaw.
  2167 | D:3      | Gained mutation: You are covered in fur. (AC +1) [Jiyva's
                  | grace]
  2167 | D:3      | Gained mutation: You are covered in thick fur. (AC +2)
                  | [Jiyva's grace]
  2167 | D:3      | Gained mutation: Your thick and shaggy fur keeps you warm.
                  | (AC +3, rC+) [Jiyva's grace]
  2167 | D:3      | Gained mutation: You possess an exceptional clarity of
                  | mind. [Jiyva's grace]
  2384 | D:4      | Found a glowing golden altar of the Shining One.
  2392 | D:4      | Reached XP level 5. HP: 42/42 MP: 8/8
  2420 | D:4      | Reached **** piety under Jiyva
  2735 | D:4      | Identified the +7 quarterstaff of the Lettuce {heavy, rElec
                  | rCorr MP+9 Dex-5}
  2951 | D:5      | Entered Level 5 of the Dungeon
  2978 | D:5      | Reached skill level 3 in Fighting
  3004 | D:5      | Noticed an ice beast
  3130 | D:5      | Killed an ice beast
  3131 | D:5      | Reached skill level 1 in Staves
  3131 | D:5      | Reached XP level 6. HP: 51/51 MP: 9/9
  3178 | D:5      | Found a staircase to the Ecumenical Temple.
  3194 | Temple   | Entered the Ecumenical Temple
  3489 | D:5      | Reached ***** piety under Jiyva
  3510 | D:5      | Noticed a two-headed ogre
  3608 | D:5      | Found a sacrificial altar of Ru.
  3711 | D:5      | Gained mutation: You have a beak for a mouth. [Jiyva's
                  | grace]
  3711 | D:5      | Gained mutation: You have sharp fingernails. [Jiyva's
                  | grace]
  3711 | D:5      | Gained mutation: You have very sharp fingernails. [Jiyva's
                  | grace]
  3711 | D:5      | Gained mutation: You have claws for hands. [Jiyva's grace]
  3711 | D:5      | Found a shimmering altar of Xom.
  4174 | D:6      | Reached skill level 4 in Fighting
  4236 | D:6      | Your scales start taking on a golden yellow colour.
  4236 | D:6      | Reached XP level 7. HP: 55/59 MP: 10/10
  4236 | D:6      | Gained mutation: You are resistant to acid. (rCorr) [Yellow
                  | Draconian growth]
  4252 | D:6      | Found a bloodstained altar of Trog.
  4385 | D:6      | Noticed Edmund
  4401 | D:6      | Killed Edmund
  4456 | D:6      | Reached skill level 5 in Fighting
  4456 | D:6      | Reached skill level 5 in Stealth
  4677 | D:7      | Reached XP level 8. HP: 68/68 MP: 11/11
  4680 | D:7      | Found Usmafeof's Antique Armour Boutique.
  4728 | D:7      | Reached skill level 5 in Dodging
  4757 | D:7      | Noticed Pikel
  4775 | D:7      | Killed Pikel
  4776 | D:7      | Reached skill level 6 in Fighting
  4903 | D:7      | Found a runed translucent door.
  4904 | D:7      | Noticed Crazy Yiuf
  5003 | D:7      | Reached skill level 5 in Staves
  5542 | D:7      | Killed Crazy Yiuf
  5543 | D:7      | Reached XP level 9. HP: 74/78 MP: 12/12
  5604 | D:8      | Reached ****** piety under Jiyva
  5766 | D:7      | Bought an embroidered scarf for 208 gold pieces
  5831 | D:8      | Lost mutation: You have claws for hands. [Jiyva's grace]
  5831 | D:8      | Lost mutation: You possess an exceptional clarity of mind.
                  | [Jiyva's grace]
  5831 | D:8      | Lost mutation: Your thick and shaggy fur keeps you warm.
                  | (AC +3, rC+) [Jiyva's grace]
  5831 | D:8      | Gained mutation: Your muscles are strong. (Str +4, Int/Dex
                  | -1) [Jiyva's grace]
  5831 | D:8      | Gained mutation: Your muscles are very strong. (Str +8,
                  | Int/Dex -2) [Jiyva's grace]
  5831 | D:8      | Gained mutation: You have acidic saliva. [Jiyva's grace]
  5831 | D:8      | Gained mutation: You are strong-willed. (Will+) [Jiyva's
                  | grace]
  5842 | D:8      | Found a glowing silver altar of Zin.
  5882 | D:8      | Found an iron altar of Okawaru.
  5964 | D:8      | Found a runed translucent gate.
  5967 | D:8      | Found a runed translucent gate.
  5970 | D:8      | Found a runed translucent gate.
  5970 | D:8      | Noticed Theyli's ghost (novice HOMo)
  6064 | D:8      | Reached skill level 7 in Fighting
  6194 | D:8      | Identified the +4 rapier of Roiryca {freeze, *Corrode Fly
                  | rF+}
  6431 | D:8      | Found a shadowy altar of Dithmenos.
  6483 | D:8      | Killed Theyli's ghost
  6485 | D:8      | Reached XP level 10. HP: 81/88 MP: 13/13
  6492 | D:8      | Got the Tractate on the Violent Familiar
  6646 | D:9      | Reached skill level 8 in Fighting
  7046 | D:9      | Found a sparkling altar of Nemelex Xobeh.
  7427 | D:10     | Entered Level 10 of the Dungeon
  7556 | D:10     | Noticed a two-headed ogre
  7650 | D:10     | Found a basalt altar of Yredelemnul.
  7691 | D:10     | Lost mutation: You have very sharp fingernails. [Jiyva's
                  | grace]
  7691 | D:10     | Lost mutation: Your muscles are very strong. (Str +8,
                  | Int/Dex -2) [Jiyva's grace]
  7691 | D:10     | Lost mutation: You have acidic saliva. [Jiyva's grace]
  7691 | D:10     | Gained mutation: Your translucent skin slightly reduces
                  | your foes' accuracy. (Stealth+) [Jiyva's grace]
  7691 | D:10     | Gained mutation: Your translucent skin reduces your foes'
                  | accuracy. (Stealth+) [Jiyva's grace]
  7691 | D:10     | Gained mutation: Your transparent skin significantly
                  | reduces your foes' accuracy. (Stealth+) [Jiyva's grace]
  7691 | D:10     | Gained mutation: You are covered in slimy tendrils that may
                  | disarm your opponents. [Jiyva's grace]
  7726 | D:10     | Reached skill level 9 in Fighting
  7791 | D:10     | Found a portal to a secret trove of treasure.
  7849 | D:10     | Noticed an orange demon
  7857 | D:10     | Noticed a sixfirhy
  7923 | D:11     | Noticed an oklob plant
  8134 | D:11     | Noticed a purple ugly thing
  8135 | D:11     | Reached XP level 11. HP: 43/99 MP: 14/14
  8225 | D:11     | Found a staircase to the Orcish Mines.
  8242 | D:11     | Reached skill level 10 in Fighting
  8246 | D:11     | Killed a purple ugly thing
  8473 | D:11     | Noticed a two-headed ogre
  8480 | D:11     | Killed a two-headed ogre
  8504 | D:11     | Noticed an oklob plant
  8504 | D:11     | Noticed an oklob plant
  9145 | D:12     | You fall into a shaft and drop 2 floors!
  9332 | D:12     | Noticed a two-headed ogre
  9336 | D:12     | Killed a two-headed ogre
  9364 | D:12     | Noticed Nergalle
  9374 | D:12     | Killed Nergalle
  9386 | D:12     | Noticed a white ugly thing
  9393 | D:12     | Killed a white ugly thing
  9393 | D:12     | Noticed a deep elf pyromancer
  9403 | D:11     | Reached skill level 11 in Fighting
  9511 | D:12     | Killed a deep elf pyromancer
 10093 | D:3      | Lost mutation: Your muscles are strong. (Str +4, Int/Dex
                  | -1) [Jiyva's grace]
 10093 | D:3      | Lost mutation: You are covered in slimy tendrils that may
                  | disarm your opponents. [Jiyva's grace]
 10093 | D:3      | Gained mutation: Your spells are a little harder to cast,
                  | but a little more powerful. [Jiyva's grace]
 10093 | D:3      | Gained mutation: Your spells are harder to cast, but more
                  | powerful. [Jiyva's grace]
 10093 | D:3      | Gained mutation: Your spells are much harder to cast, but
                  | much more powerful. [Jiyva's grace]
 10093 | D:3      | Gained mutation: Armour fits poorly on your pseudopods.
                  | [Jiyva's grace]
 10099 | D:3      | Killed suzumiya's ghost
 10707 | D:11     | Found a staircase to the Lair.
 10747 | D:11     | Killed an oklob plant
 10748 | D:11     | Reached skill level 10 in Staves
 10749 | D:11     | Killed an oklob plant
 10778 | D:11     | Killed an oklob plant
 10780 | D:11     | Identified the +0 ring mail of Befet {Dex+4}
 10784 | Lair:1   | Entered Level 1 of the Lair of Beasts
 10828 | Lair:1   | Reached skill level 10 in Dodging
 10845 | Lair:1   | Reached XP level 12. HP: 102/111 MP: 15/15
 11716 | Lair:2   | Found a transporter.
 11937 | Lair:2   | Reached skill level 12 in Fighting
 12055 | Lair:2   | Found a transporter.
 12606 | Lair:3   | Lost mutation: You have a beak for a mouth. [Jiyva's grace]
 12606 | Lair:3   | Lost mutation: You are strong-willed. (Will+) [Jiyva's
                  | grace]
 12606 | Lair:3   | Lost mutation: You are covered in thick fur. (AC +2)
                  | [Jiyva's grace]
 12606 | Lair:3   | Gained mutation: Your body has grown eyes which may confuse
                  | attackers. (Acc +3) [Jiyva's grace]
 12606 | Lair:3   | Gained mutation: Your body has grown many eyes which may
                  | confuse attackers. (Acc +5) [Jiyva's grace]
 12606 | Lair:3   | Gained mutation: Your body is covered in eyes which may
                  | confuse attackers. (Acc +7, SInv) [Jiyva's grace]
 12606 | Lair:3   | Gained mutation: You expend magic power (3 MP) to
                  | strengthen your wands. [Jiyva's grace]
 12618 | Lair:3   | Noticed a five-headed hydra
 12624 | Lair:3   | Noticed a death yak
 12663 | Lair:2   | Collided with some lava

Illustrated notes

Levels and vault maps discovered:
D:1:      kennysheep_arrival_seaside, layout_loops_ring,
          hellmonk_ecumenical_altar_heavens_door, minmay_misc_feat_ornament,
          minmay_misc_feat_x
D:2:      minmay_angry_zag, layout_basic, uniq_terence
D:3:      layout_loops_ring, mainiacjoe_overflow_small_starburst,
          nzn_wu_jian_contemplation, gammafunk_ghost_stat_death,
          nicolae_concentric_dashed_squares_wild
D:4:      layout_loops_ring, nicolae_tso_besieged_by_evil,
          kennysheep_nondescript
D:5:      layout_gridville, nicolae_ru_path_of_blood, tgw_xom,
          minmay_temple_entry_purple_smoke
D:6:      layout_gridville, mainiacjoe_overflow_alcove_2, uniq_edmund
D:7:      layout_basic, serial_shops, shop, uniq_pikel, uniq_crazy_yiuf_cottage
D:8:      layout_basic, grunt_dithmenos_shadows, overflow_temple_1_default,
          lemuel_round_altar, gammafunk_ghost_spectres
D:9:      layout_loops_corners, nemelex_diamond_rough_becter
D:10:     layout_rooms, mainiacjoe_overflow_cross_hatched, enter_trove_1
D:11:     layout_loops_ring, dpeg_oklobed_lair, david_orc_1_choice
D:12:     layout_big_octagon, roderic_roman_lattice, uniq_nergalle
D:13:     layout_roguey, gammafunk_ghost_wrathful_warriors
D:14:     layout_basic, lightli_vaults_fourway_checkpoint,
          minmay_misc_feat_pillars, nicolae_fountain_basement
Temple:   chequers_temple_sunken
Lair:1:   layout_small_grid, chequers_serial_rivers_micro_a, grunt_megastairs_2
Lair:2:   gammafunk_worm_tunnel, layout_chaotic_city, minmay_lair_oklob_bushes
Lair:3:   layout_chaotic_city, minmay_swamp_entry_wisps,
          minmay_snake_entry_guardpost_medium, uniq_snorg

Skill      XL: |  1  2  3  4  5  6  7  8  9 10 11 12 |
---------------+-------------------------------------+-----
Stealth        | 2 3 4 5 6 7 |  7.6
Dodging        | 2 3 4 5 7 8 10 | 10.6
Fighting       | 1 2 3 4 5 6 7 9 11 12 | 12.2
Staves         | 1 2 3 5 6 8 10 | 10.9
Spellcasting   | |  2.0
Ice Magic      | |  4.0

Action                     |  1- 3 |  4- 6 |  7- 9 | 10-12 || total
---------------------------+-------+-------+-------+-------++-------
  Melee: Dagger            |    22 |       |       |       ||    22
         Halberd           |       |    65 |       |       ||    65
         Tailslap          |       |     7 |    13 |    37 ||    57
         Quarterstaff      |       |    42 |   159 |   301 ||   502
         Peck              |       |     4 |    23 |    46 ||    73
         Bite              |       |       |     3 |     3 ||     6
         Pseudopods        |       |       |       |    14 ||    14
   Cast: Freeze            |    60 |    39 |    14 |       ||   113
 Invoke: Oozemancy         |       |       |       |     1 ||     1
Ability: Breathe Acid      |       |       |       |     6 ||     6
  Evoke: Wand              |       |       |       |    12 ||    12
    Use: Scroll            |       |     2 |     9 |     9 ||    20
         Potion            |       |       |     3 |     5 ||     8
   Stab: Sleeping          |     5 |     8 |     1 |    12 ||    26
         Distracted        |       |       |     1 |     3 ||     4
 Armour: Skin              |    12 |    81 |   111 |   236 ||   440
  Dodge: Dodged            |    37 |   102 |   158 |   522 ||   819
